[Event "Titled Tuesday Blitz May 30 Late 2023"]
[White "Deac, Bogdan-Daniel"]
[Black "Bordi, Kevin"]
[WhiteFideId "1226380"]
[BlackFideId "621862"]
[WhiteElo "2649"]
[BlackElo "2771"]
[Result "1/2-1/2"]
[Round "06"]
[TimeControl "180+2"]
[Date "2023.05.31"]
[WhiteClock "0:00:03"]
[BlackClock "0:00:10"]

1. b3 e5 2. Bb2 Nc6 3. Nf3 d6 4. c4 g6 5. g3 Bg7 6. Bg2 f5 7. d3 Nf6 8. O-O O-O 9. Nc3 Be6 10. e3 Qd7 11. d4 e4 12. d5 exf3 13. dxe6 Qxe6 14. Bxf3 Ne4 15. Rc1 Rae8 16. Bg2 h5 17. h4 Kh7 18. Na4 Bh6 19. Kh2 Ne5 20. Bxe5 Qxe5 21. Rc2 Bg7 22. Qd5 c6 23. Qxe5 Bxe5 24. Rd1 Rd8 25. Nb2 Bxb2 26. Rxb2 d5 27. cxd5 cxd5 28. Rc2 Rf7 29. Rd4 Rfd7 30. Bf1 a6 31. Kg2 Kg7 32. Bd3 Kf6 33. f3 Nd6 34. Rxd5 Ke6 35. Rd4 Ke7 36. Kf2 Nf7 37. Rxd7+ Rxd7 38. Be2 Ne5 39. a4 Nc6 40. Rc4 Rd2 41. Rc3 Rb2 42. Ke1 Na5 43. Bd1 Rg2 44. b4 Nc6 45. b5 axb5 46. axb5 Ne5 47. f4 Nd7 48. Bf3 Rb2 49. Bxb7 Rxb5 50. Bf3 Nf6 51. Rc7+ Kf8 52. Rc6 Ke7 53. Rc7+ Kf8 54. Kf2 Rb2+ 55. Kf1 Rb3 56. Rc6 Ke7 57. Ke2 Rb2+ 58. Kd3 Rf2 59. Be2 Rg2 60. Rc7+ Kf8 61. Bd1 Rxg3 62. Kd4 Ng4 63. Bb3 Rxe3 64. Bd5 Re7 65. Rc8+ Kg7 66. Rg8+ Kf6 67. Rf8+ Kg7 68. Rg8+ Kh6 69. Rh8+ Rh7 70. Rf8 Re7 71. Rh8+ Kg7 72. Rg8+ 1/2-1/2


[Site "https://www.chess.com"]

[Event "Titled Tuesday Blitz May 30 Late 2023"]
[White "Hambleton, Aman"]
[Black "Rasulov, Vugar"]
[WhiteFideId "2606577"]
[BlackFideId "13402390"]
[WhiteElo "2511"]
[BlackElo "2509"]
[Result "1-0"]
[Round "06"]
[TimeControl "180+2"]
[Date "2023.05.31"]
[WhiteClock "0:00:04"]
[BlackClock "0:00:55"]

1. c4 Nf6 2. d4 e6 3. Nc3 Bb4 4. Qc2 O-O 5. Nf3 d5 6. cxd5 exd5 7. Bg5 h6 8. Bh4 c6 9. e3 Nbd7 10. Bd3 Re8 11. g4 Qa5 12. g5 hxg5 13. Nxg5 c5 14. O-O-O c4 15. Bh7+ Kf8 16. Rhg1 Bxc3 17. Nxf7 Bxb2+ 18. Kxb2 Nb6 19. Rxg7 Kxg7 20. Qg6+ Kf8 21. Qh6+ Ke7 22. Qxf6+ Kd7 23. Qd6# 1-0


[Site "https://www.chess.com"]

[Event "Titled Tuesday Blitz May 30 Late 2023"]
[White "Schmakel, Sam"]
[Black "Kevlishvili, Robby"]
[WhiteFideId "2039311"]
[BlackFideId "1040634"]
[WhiteElo "2356"]
[BlackElo "2572"]
[Result "0-1"]
[Round "06"]
[TimeControl "180+2"]
[Date "2023.05.31"]
[WhiteClock "0:00:06"]
[BlackClock "0:01:14"]

1. d4 Nf6 2. c4 g6 3. g3 Bg7 4. Bg2 O-O 5. Nc3 d6 6. Nf3 Nc6 7. O-O a6 8. Bf4 Bg4 9. d5 Na5 10. Qd3 c5 11. h3 Bxf3 12. Bxf3 Nd7 13. b3 b5 14. Rab1 bxc4 15. bxc4 Ne5 16. Bxe5 Bxe5 17. e3 Rb8 18. Rxb8 Qxb8 19. Rb1 Qc7 20. Ne2 Rb8 21. Rxb8+ Qxb8 22. Qa3 Nxc4 23. Qxa6 Qb1+ 24. Kh2 Nd2 25. Bg2 Nf1+ 26. Bxf1 Qxf1 27. f4 Qf2+ 28. Kh1 Bf6 29. Qd3 Qf3+ 30. Kg1 Bd4 31. Nxd4 cxd4 32. Qxd4 Qxg3+ 33. Kf1 Qxh3+ 34. Ke1 Qh1+ 35. Kf2 Qh2+ 36. Kf3 Qxa2 37. e4 Qb3+ 38. Kf2 h5 39. e5 h4 40. exd6 Qg3+ 41. Ke2 exd6 42. Qf6 h3 43. f5 h2 44. Qd8+ Kg7 45. f6+ Kh7 46. Qf8 Qe5+ 47. Kf2 Qxf6+ 48. Kg2 h1=Q+ 49. Kxh1 Qf3+ 50. Kg1 Qxd5 51. Kf2 Qf5+ 52. Ke2 d5 53. Ke3 g5 54. Qd8 g4 55. Qh4+ Kg7 56. Qd8 g3 57. Qh4 Qe4+ 0-1


[Site "https://www.chess.com"]

[Event "Titled Tuesday Blitz May 30 Late 2023"]
[White "Babazada, Khazar"]
[Black "Halkias, Stelios"]
[WhiteFideId "13413554"]
[BlackFideId "4201809"]
[WhiteElo "2351"]
[BlackElo "2451"]
[Result "1/2-1/2"]
[Round "06"]
[TimeControl "180+2"]
[Date "2023.05.31"]
[WhiteClock "0:00:09"]
[BlackClock "0:00:03"]

1. e4 e5 2. Nf3 d6 3. d4 exd4 4. Nxd4 Nf6 5. Nc3 Be7 6. g4 Nc6 7. g5 Nd7 8. Nf5 O-O 9. h4 Nc5 10. Qf3 Bxf5 11. exf5 Nd4 12. Qd1 Nxf5 13. Be2 Re8 14. Nd5 c6 15. Ne3 Nxe3 16. Bxe3 d5 17. Qd4 Ne4 18. Qd3 Bc5 19. O-O-O Bxe3+ 20. Qxe3 Qb6 21. Rhf1 Qxe3+ 22. fxe3 Ng3 23. Rf2 Rxe3 24. Bd3 Rae8 25. c4 Ne4 26. Bxe4 dxe4 27. Rd7 Rf3 28. Re2 Rf4 29. h5 b5 30. cxb5 cxb5 31. Rxa7 h6 32. gxh6 gxh6 33. Kd2 Rf3 34. Rd7 Rf5 35. Rd4 Rxh5 36. Rdxe4 Rxe4 37. Rxe4 Rg5 38. Kc3 h5 39. Re1 Kg7 40. Kb4 Kg6 41. b3 h4 42. a4 bxa4 43. bxa4 Rg2 44. a5 Ra2 45. Rg1+ Kh5 46. Rf1 Kg6 47. Rg1+ Kh6 48. Rf1 Kg7 49. Rh1 f5 50. Rxh4 Kf6 51. Kb5 Ke5 52. Ra4 Rxa4 53. Kxa4 f4 54. a6 f3 55. a7 f2 56. a8=Q f1=Q 57. Qe8+ Kd4 58. Qd8+ Kc3 59. Qa5+ Kc2 60. Qc5+ Kb2 61. Qa3+ Kc2 62. Qa2+ Kd3 63. Qb3+ Ke2 64. Qc4+ Kf2 65. Qf4+ Ke2 66. Qg4+ Qf3 67. Qxf3+ Kxf3 1/2-1/2


[Site "https://www.chess.com"]

[Event "Titled Tuesday Blitz May 30 Late 2023"]
[White "Matinian, Nikita"]
[Black "Henriquez Villagra, Cristobal"]
[WhiteFideId "24129100"]
[BlackFideId "3409350"]
[WhiteElo "2422"]
[BlackElo "2542"]
[Result "0-1"]
[Round "06"]
[TimeControl "180+2"]
[Date "2023.05.31"]
[WhiteClock "0:00:04"]
[BlackClock "0:00:35"]

1. e4 d6 2. d4 Nf6 3. Nc3 e5 4. Nf3 Nbd7 5. Bc4 Be7 6. O-O O-O 7. Re1 h6 8. a4 c6 9. h3 Re8 10. a5 Bf8 11. dxe5 dxe5 12. Be3 Qc7 13. Nh4 Nc5 14. Qf3 Be6 15. Bxe6 Rxe6 16. Nf5 Kh7 17. h4 h5 18. Bg5 Ncd7 19. Ne2 g6 20. Ne3 Kg7 21. Ng3 Nh7 22. Nef5+ Kg8 23. Nh6+ Bxh6 24. Bxh6 Rd6 25. Red1 Nc5 26. b4 Ne6 27. c3 Rad8 28. Be3 c5 29. Rxd6 Rxd6 30. b5 Qd7 31. a6 b6 32. Qe2 Nf6 33. f3 Ne8 34. Nf1 N8c7 35. Rb1 Rd3 36. c4 Nf4 37. Bxf4 exf4 38. e5 Qd4+ 39. Kh1 Ne6 40. Re1 Qd8 41. Kh2 Qxh4+ 42. Kg1 Qd8 43. Qe4 Qd4+ 44. Kh2 Qxe4 45. Rxe4 g5 46. Kg1 Kg7 47. Kf2 Kg6 48. Ke2 Ra3 49. Nd2 Kf5 50. Kd1 g4 51. Kc2 g3 52. Re1 Ra2+ 53. Kc1 Nd4 54. Ne4 Rxg2 55. Nd6+ Ke6 56. Nc8 Re2 57. Rd1 g2 58. Nxa7 Nxf3 59. Nc6 Re1 60. a7 Rxd1+ 61. Kxd1 g1=Q+ 62. Kc2 Qa1 0-1


[Site "https://www.chess.com"]

[Event "Titled Tuesday Blitz May 30 Late 2023"]
[White "Demidov, Mikhail"]
[Black "Rastbod, Ali"]
[WhiteFideId "4197143"]
[BlackFideId "12567477"]
[WhiteElo "2500"]
[BlackElo "2274"]
[Result "1-0"]
[Round "06"]
[TimeControl "180+2"]
[Date "2023.05.31"]
[WhiteClock "0:00:12"]
[BlackClock "0:00:04"]

1. Nf3 d5 2. g3 c6 3. Bg2 Bg4 4. Ne5 Bf5 5. O-O Nd7 6. d4 e6 7. c4 Bd6 8. Bf4 Qc7 9. cxd5 exd5 10. Qb3 Qb6 11. Qc3 Nxe5 12. Bxe5 Bxe5 13. dxe5 Ne7 14. Nd2 O-O 15. Nb3 Ng6 16. Kh1 Rae8 17. Nd4 Be4 18. f3 c5 19. Nb3 Bf5 20. f4 c4 21. Nd4 Ne7 22. Rad1 g6 23. h3 Rd8 24. g4 Be4 25. f5 Nc6 26. Nxc6 Qxc6 27. Qe3 Bxg2+ 28. Kxg2 d4+ 29. Qf3 Qb5 30. Qf4 Rfe8 31. f6 Qxe5 32. Qh6 Qe4+ 33. Rf3 Qxe2+ 34. Rf2 Qe4+ 35. Kg1 Qe1+ 36. Rxe1 Rxe1+ 37. Kg2 1-0


[Site "https://www.chess.com"]

[Event "Titled Tuesday Blitz May 30 Late 2023"]
[White "Goryachkina, Aleksandra"]
[Black "Moroni, Luca Jr"]
[WhiteFideId "4147103"]
[BlackFideId "865834"]
[WhiteElo "2471"]
[BlackElo "2569"]
[Result "0-1"]
[Round "06"]
[TimeControl "180+2"]
[Date "2023.05.31"]
[WhiteClock "0:00:01"]
[BlackClock "0:00:17"]

1. e4 d6 2. d4 e5 3. Nf3 exd4 4. Nxd4 Nf6 5. Nc3 Be7 6. g3 O-O 7. Bg2 Re8 8. O-O Bf8 9. h3 c6 10. Re1 Nbd7 11. Bf4 Nc5 12. Qd2 a5 13. Rad1 Qb6 14. Nb3 a4 15. Nxc5 dxc5 16. b3 axb3 17. axb3 Be6 18. e5 Red8 19. Qc1 Nd5 20. Ne4 c4 21. bxc4 Nb4 22. Nd6 Ra2 23. Be3 Qa6 24. Rd2 Bxd6 25. exd6 Qxc4 26. Bf1 Qc3 27. Bd4 Qf3 28. Bb6 Rxc2 29. Bxd8 Rxc1 30. Rxc1 Bd5 31. Rxd5 Qxd5 32. Bc7 h5 33. Re1 Nc2 34. Re8+ Kh7 0-1


[Site "https://www.chess.com"]

[Event "Titled Tuesday Blitz May 30 Late 2023"]
[White "Danielyan, Vahe"]
[Black "Xiong, Jeffery"]
[WhiteFideId "13304828"]
[BlackFideId "2047640"]
[WhiteElo "2423"]
[BlackElo "2726"]
[Result "0-1"]
[Round "06"]
[TimeControl "180+2"]
[Date "2023.05.31"]
[WhiteClock "0:00:19"]
[BlackClock "0:01:33"]

1. e4 c5 2. Nc3 Nc6 3. Bb5 Nd4 4. Bc4 e6 5. Nge2 Ne7 6. O-O Nec6 7. d3 a6 8. a4 b6 9. Nxd4 Nxd4 10. Ne2 Nxe2+ 11. Qxe2 Bb7 12. f4 Be7 13. f5 O-O 14. Qg4 d5 15. exd5 exd5 16. Bb3 Bf6 17. Kh1 Re8 18. Qg3 Rc8 19. c3 d4 20. c4 Re2 21. Rg1 Qe7 22. Bd1 Bh4 23. Qg4 Rxg2 24. Qxg2 Bxg2+ 25. Kxg2 Bg5 26. Bf3 Bxc1 27. Raxc1 Qg5+ 28. Kh1 Qxf5 29. Bg4 Qf6 30. Bxc8 Qc6+ 31. Rg2 Qxc8 32. Re1 g6 33. Rge2 Qf5 34. Rd2 h5 35. Kg1 h4 36. b3 h3 37. Ree2 Kg7 38. Rf2 Qg5+ 39. Kf1 Qe3 40. Rfe2 Qf3+ 41. Rf2 Qh1+ 42. Ke2 Qb1 43. Kf3 Qxb3 44. Kg3 Qxa4 45. Kxh3 b5 46. Rde2 Qb3 47. Rf3 bxc4 48. Rd2 c3 49. Rdf2 c2 50. Rf1 c4 51. Rxf7+ Kh6 0-1


[Site "https://www.chess.com"]

[Event "Titled Tuesday Blitz May 30 Late 2023"]
[White "ElDivis"]
[Black "Remizov, Yaroslav"]
[BlackFideId "34134015"]
[WhiteElo "2552"]
[BlackElo "2400"]
[Result "1-0"]
[Round "06"]
[TimeControl "180+2"]
[Date "2023.05.31"]
[WhiteClock "0:00:03"]
[BlackClock "0:00:17"]

1. e4 c6 2. Nf3 d5 3. Nc3 dxe4 4. Nxe4 Nf6 5. Nxf6+ exf6 6. g3 Bd6 7. Bg2 Qe7+ 8. Qe2 Qxe2+ 9. Kxe2 Na6 10. a3 Bf5 11. d3 O-O-O 12. Be3 Kb8 13. Nd4 Bg4+ 14. Kd2 Be5 15. c3 c5 16. Nb5 Bf5 17. d4 cxd4 18. cxd4 Nc7 19. Nxc7 Bxc7 20. Rhc1 Bb6 21. Kc3 Rd7 22. d5 Bxe3 23. fxe3 Re8 24. Kd4 Rde7 25. Rc3 Be4 26. Bxe4 Rxe4+ 27. Kc5 Kc7 28. d6+ Kd7 29. Kb5 R8e5+ 30. Rc5 Rxe3 31. Rc1 Kxd6 32. b4 Rxa3 33. Rd1+ Ke6 34. Rd8 Ra2 35. Re8+ Kf5 36. Rf8 1-0


[Site "https://www.chess.com"]

[Event "Titled Tuesday Blitz May 30 Late 2023"]
[White "Hajiyev, Kanan"]
[Black "Kravtsiv, Martyn"]
[WhiteFideId "13404148"]
[BlackFideId "14113147"]
[WhiteElo "2103"]
[BlackElo "2695"]
[Result "1-0"]
[Round "06"]
[TimeControl "180+2"]
[Date "2023.05.31"]
[WhiteClock "0:00:25"]
[BlackClock "0:00:55"]

1. d4 d5 2. Nf3 Nf6 3. c4 e6 4. cxd5 exd5 5. Nc3 c6 6. Qc2 g6 7. Bg5 h6 8. Bxf6 Qxf6 9. Nxd5 Qd6 10. Nc3 Bg7 11. e3 O-O 12. Bc4 Bg4 13. h3 Bxf3 14. gxf3 Nd7 15. O-O-O b5 16. Bd3 f5 17. f4 a5 18. h4 h5 19. Rhg1 Rf6 20. Kb1 Kh7 21. e4 Qxf4 22. exf5 gxf5 23. Rg5 Qxh4 24. Bxf5+ Kh8 25. Ne4 Bh6 26. Nxf6 Qxg5 27. Nxd7 Rd8 28. Ne5 Rf8 29. Ng6+ Kg7 30. Nxf8 1-0


[Site "https://www.chess.com"]

[Event "Titled Tuesday Blitz May 30 Late 2023"]
[White "Terry, Renato"]
[Black "reevecanada"]
[WhiteFideId "3803457"]
[WhiteElo "2575"]
[BlackElo "2482"]
[Result "0-1"]
[Round "06"]
[TimeControl "180+2"]
[Date "2023.05.31"]
[WhiteClock "0:01:33"]
[BlackClock "0:00:49"]

1. e4 c5 2. Nf3 d6 3. Bb5+ Bd7 4. Bxd7+ Qxd7 5. O-O Nf6 6. Re1 e6 7. c3 Nc6 8. d4 cxd4 9. cxd4 d5 10. e5 Ne4 11. a3 Be7 12. Qd3 O-O 13. Nbd2 Nxd2 14. Bxd2 Rac8 15. h4 h6 16. h5 Bd8 17. g3 Ne7 18. Kg2 Bb6 19. g4 Rc7 20. Rac1 Rfc8 21. Rxc7 Rxc7 22. b3 a6 23. a4 Ba7 24. Kh2 Qc8 25. Bb4 Qe8 26. Bd6 Rc6 27. Rg1 Bb8 28. Bxe7 Qxe7 29. g5 Kh8 30. gxh6 gxh6 31. Qd2 Qf8 32. Qf4 Bc7 33. Rg6 Kh7 34. Rf6 Kg8 35. Rxh6 Bd8 36. Ng5 Qxh6 37. Qxf7+ Kh8 38. Qe8+ Kg7 39. Qxd8 Qxh5+ 40. Kg3 Rc3+ 41. f3 Qg6 42. Qe7+ Kh6 43. Qxe6 Kxg5 0-1


[Site "https://www.chess.com"]

[Event "Titled Tuesday Blitz May 30 Late 2023"]
[White "Haydon, David L"]
[Black "Grigoriants, Sergey"]
[WhiteFideId "415405"]
[BlackFideId "4130804"]
[WhiteElo "2326"]
[BlackElo "2502"]
[Result "0-1"]
[Round "06"]
[TimeControl "180+2"]
[Date "2023.05.31"]
[WhiteClock "0:01:10"]
[BlackClock "0:01:00"]

1. e4 c5 2. Nf3 Nc6 3. d4 cxd4 4. Nxd4 e6 5. Nc3 a6 6. Be3 Nf6 7. f3 d5 8. exd5 Nxd5 9. Nxd5 Qxd5 10. Nxc6 Qxc6 11. Qd2 Be7 12. Bd3 e5 13. Be4 Qc7 14. O-O-O Be6 15. Kb1 O-O 16. g4 Rac8 17. Ka1 b5 18. c3 a5 19. Qd3 Bc4 20. Bxh7+ Kh8 21. Qf5 g6 22. Bxg6 fxg6 23. Qxg6 Qc6 24. Qh5+ Kg7 25. Bh6+ Qxh6 26. Qxe5+ Qf6 0-1


[Site "https://www.chess.com"]

[Event "Titled Tuesday Blitz May 30 Late 2023"]
[White "Hansen, Eric"]
[Black "Aldokhin, Ivan"]
[WhiteFideId "2606771"]
[BlackFideId "24115720"]
[WhiteElo "2561"]
[BlackElo "2322"]
[Result "1-0"]
[Round "06"]
[TimeControl "180+2"]
[Date "2023.05.31"]
[WhiteClock "0:00:57"]
[BlackClock "0:00:03"]

1. d4 Nf6 2. c4 g6 3. Nf3 Bg7 4. Nc3 O-O 5. Bf4 d5 6. e3 c5 7. Rc1 Qa5 8. dxc5 Rd8 9. Qa4 Qxc5 10. b4 Qc6 11. b5 Qc5 12. Be2 Nbd7 13. Qa5 b6 14. Qa4 Bb7 15. O-O dxc4 16. Bxc4 Bxf3 17. gxf3 Nh5 18. Bg3 Nxg3 19. hxg3 Rac8 20. Ne4 Qf5 21. Be2 Ne5 22. Kg2 h5 23. Rxc8 Rxc8 24. Qxa7 Rc2 25. Qa8+ Kh7 26. Bd1 Rb2 27. f4 Nc4 28. Ng5+ Kh6 29. Qg8 Nxe3+ 30. Kg1 Qxg5 31. fxg5+ Kxg5 32. Qxg7 1-0


[Site "https://www.chess.com"]

[Event "Titled Tuesday Blitz May 30 Late 2023"]
[White "Bazeev, German"]
[Black "Gubajdullin, Alexei"]
[WhiteFideId "24119350"]
[BlackFideId "4141202"]
[WhiteElo "2466"]
[BlackElo "2279"]
[Result "0-1"]
[Round "06"]
[TimeControl "180+2"]
[Date "2023.05.31"]
[WhiteClock "0:01:40"]
[BlackClock "0:01:14"]

1. c4 g6 2. Nc3 Bg7 3. h4 h6 4. g3 c5 5. Bg2 d6 6. Nh3 e5 7. a3 Ne7 8. b4 Nbc6 9. b5 Nd4 10. d3 Rb8 11. Bd2 Bg4 12. Rb1 Qd7 13. Qc1 Kf8 14. Ng1 Kg8 15. e3 Ndf5 16. Nge2 Bxe2 17. Nxe2 Kh7 18. g4 Nxe3 19. Bxe3 Qxg4 20. Bh3 Qf3 21. O-O Qxh3 0-1


[Site "https://www.chess.com"]

[Event "Titled Tuesday Blitz May 30 Late 2023"]
[White "Hossain, Enamul"]
[Black "Gorovets, Andrey"]
[WhiteFideId "10200649"]
[BlackFideId "13504037"]
[WhiteElo "2433"]
[BlackElo "2459"]
[Result "0-1"]
[Round "06"]
[TimeControl "180+2"]
[Date "2023.05.31"]
[WhiteClock "0:00:04"]
[BlackClock "0:00:25"]

1. e4 c5 2. Nf3 e6 3. b3 Nc6 4. Bb2 a6 5. c4 Nf6 6. e5 Ng4 7. h3 Nh6 8. g4 d5 9. exd6 f6 10. Bg2 e5 11. Nc3 Nf7 12. Nd5 Bxd6 13. d3 Be6 14. Nd2 O-O 15. Qe2 Re8 16. O-O Ne7 17. Nxe7+ Rxe7 18. Ne4 Bd7 19. Qe3 Bc6 20. Nxc5 Bxg2 21. Kxg2 Ng5 22. Ne4 Ne6 23. Rad1 Bc7 24. d4 exd4 25. Bxd4 Nf4+ 26. Kh1 Qe8 27. Rfe1 Qc6 28. Qf3 Rae8 29. Bxf6 Rxe4 30. Rxe4 Rxe4 31. Bg5 Re1+ 0-1


[Site "https://www.chess.com"]

[Event "Titled Tuesday Blitz May 30 Late 2023"]
[White "Thomforde-Toates, Noah"]
[Black "koncheto"]
[WhiteFideId "30951992"]
[WhiteElo "2746"]
[BlackElo "2599"]
[Result "1-0"]
[Round "06"]
[TimeControl "180+2"]
[Date "2023.05.31"]
[WhiteClock "0:02:15"]
[BlackClock "0:01:02"]

1. d4 Nf6 2. Nc3 d5 3. Bf4 a6 4. e3 Bf5 5. Nf3 e6 6. Bd3 Bxd3 7. cxd3 c5 8. dxc5 Bxc5 9. d4 Bd6 10. Bxd6 Qxd6 11. O-O Nc6 12. Qb3 O-O 13. Na4 Ne4 14. Rac1 Na5 15. Qb6 Nc4 16. Qxd6 Ncxd6 17. Nb6 Rab8 18. Nd7 Nc4 19. Nxb8 Rxb8 20. b3 Ncd6 21. Ne5 a5 22. Rc7 f6 23. Nd7 Rd8 24. Rfc1 b5 25. f3 Ng5 26. Nc5 e5 27. Nb7 Nxb7 28. Rxb7 Ne6 29. Rc6 Re8 30. Rbb6 Kf7 31. dxe5 fxe5 32. Rxb5 Rd8 33. Rb7+ Kf6 34. Rbb6 Re8 35. Rd6 d4 36. exd4 exd4 37. Rxd4 1-0


[Site "https://www.chess.com"]

[Event "Titled Tuesday Blitz May 30 Late 2023"]
[White "Bashirli, Nail"]
[Black "Eugene, Floryan"]
[WhiteFideId "13406809"]
[BlackFideId "20694784"]
[WhiteElo "2311"]
[BlackElo "2369"]
[Result "0-1"]
[Round "06"]
[TimeControl "180+2"]
[Date "2023.05.31"]
[WhiteClock "0:00:02"]
[BlackClock "0:00:24"]

1. d4 f5 2. d5 Nf6 3. c4 g6 4. Nc3 Bg7 5. g3 O-O 6. Bg2 d6 7. e3 e5 8. Nge2 a5 9. O-O Na6 10. a3 Nc5 11. b3 Qe8 12. Bb2 g5 13. b4 Na6 14. Nb5 Bd7 15. Nec3 f4 16. exf4 gxf4 17. Ne4 Qg6 18. Nbc3 Bf5 19. Re1 axb4 20. axb4 Nxb4 21. Nxf6+ Bxf6 22. Rxa8 Rxa8 23. Qb3 Nd3 24. Qxb7 Qe8 25. Nb5 Rb8 26. Qxc7 Nxe1 27. Nxd6 Qf8 28. Nxf5 Rxb2 29. Be4 Re2 30. Nd6 Be7 31. Bf5 Nf3+ 32. Kg2 Nd4 33. Bd3 f3+ 34. Kh3 Qh6+ 35. Kg4 Qg5+ 36. Kh3 Qh5# 0-1


[Site "https://www.chess.com"]

[Event "Titled Tuesday Blitz May 30 Late 2023"]
[White "Goltsev, Dmitry"]
[Black "Bayo Milagro, Alvaro"]
[WhiteFideId "24176710"]
[BlackFideId "22275240"]
[WhiteElo "2356"]
[BlackElo "2270"]
[Result "0-1"]
[Round "06"]
[TimeControl "180+2"]
[Date "2023.05.31"]
[WhiteClock "0:00:53"]
[BlackClock "0:00:41"]

1. e4 e5 2. Nf3 Nc6 3. Bb5 a6 4. Ba4 Nf6 5. O-O Be7 6. Re1 b5 7. Bb3 d6 8. c3 O-O 9. h3 Na5 10. Bc2 c5 11. d4 Qc7 12. d5 g6 13. Nbd2 Ne8 14. Nf1 Ng7 15. Ng3 Nb7 16. Bh6 Nd8 17. a4 Bb7 18. Qe2 c4 19. axb5 axb5 20. Rxa8 Bxa8 21. Ra1 Bb7 22. Qe3 f6 23. Ra7 Nf7 24. Bxg7 Kxg7 25. Nd2 Ra8 26. Nb1 Qb8 27. Rxa8 Bxa8 28. Na3 Bd8 29. Qf3 Bb7 30. Qg4 Bc8 31. Qe2 Bd7 32. Nf1 Bb6 33. Ne3 Bc5 34. Qd2 Qa7 35. Qc1 Nh6 36. Kh2 Ng8 37. g4 Ne7 38. Kg2 g5 39. Kf1 Ng6 40. Kg1 Nf4 41. Kh2 h5 42. Nf5+ Bxf5 43. gxf5 Bxf2 44. Nxb5 Qb6 45. Ba4 h4 46. Qd2 Bg3+ 47. Kh1 Nxh3 48. Kg2 g4 49. Kf1 Qg1+ 50. Ke2 Nf4+ 51. Qxf4 Bxf4 52. Nxd6 Qe3+ 53. Kf1 Bg3 54. Ne8+ Kf8 55. Kg2 Qf2+ 56. Kh1 Qf1# 0-1


[Site "https://www.chess.com"]

[Event "Titled Tuesday Blitz May 30 Late 2023"]
[White "Bruedigam, Martin"]
[Black "Kourkoulos-Arditis, Stamatis"]
[WhiteFideId "24608033"]
[BlackFideId "4221990"]
[WhiteElo "2331"]
[BlackElo "2400"]
[Result "0-1"]
[Round "06"]
[TimeControl "180+2"]
[Date "2023.05.31"]
[WhiteClock "0:01:38"]
[BlackClock "0:01:27"]

1. d4 c5 2. d5 Nf6 3. c4 d6 4. Nc3 g6 5. e4 Bg7 6. f3 O-O 7. Be3 a6 8. a4 e6 9. Nge2 exd5 10. cxd5 h5 11. Qd2 Nbd7 12. Nc1 Rb8 13. Be2 Ne5 14. O-O Bd7 15. h3 b5 16. axb5 axb5 17. f4 Nc4 18. Bxc4 bxc4 19. N1e2 Nxe4 20. Nxe4 Rxb2 21. Qe1 Re8 22. Nxd6 Rxe3 23. Nxc4 Rexe2 24. Nxb2 Rxe1 0-1


[Site "https://www.chess.com"]

[Event "Titled Tuesday Blitz May 30 Late 2023"]
[White "Devagharan, Devina"]
[Black "Vlassov, Nikolai"]
[WhiteFideId "2061600"]
[BlackFideId "4103360"]
[WhiteElo "2451"]
[BlackElo "2324"]
[Result "0-1"]
[Round "06"]
[TimeControl "180+2"]
[Date "2023.05.31"]
[WhiteClock "0:00:04"]
[BlackClock "0:00:16"]

1. d4 Nf6 2. c4 Nc6 3. d5 Ne5 4. Qc2 e6 5. e4 Bc5 6. Nc3 O-O 7. Bf4 Ng6 8. Bg3 exd5 9. cxd5 Re8 10. O-O-O d6 11. Nge2 c6 12. Nd4 cxd5 13. exd5 Bd7 14. Bb5 Rc8 15. Bxd7 Qxd7 16. Kb1 Nxd5 17. Nxd5 Bxd4 18. Qb3 Bc5 19. Rhe1 Qf5+ 20. Ka1 Rxe1 21. Rxe1 Bxf2 22. Bxf2 Qxf2 23. Rd1 b6 24. h4 h5 25. a3 Qxh4 26. Qf3 Qg4 27. Qd3 Kh8 28. Rf1 Ne5 29. Qe3 Qe6 30. Nf4 Qh6 31. Rh1 g6 32. Qe4 Kg7 33. Nd5 Qg5 34. Qd4 Rc1+ 35. Rxc1 Qxc1+ 36. Ka2 Qc4+ 37. Qxc4 Nxc4 38. b3 Ne5 39. Kb2 g5 40. Kc3 h4 41. Kd4 g4 42. Ke3 h3 43. gxh3 gxh3 44. Kf2 Ng4+ 45. Kg3 h2 46. Kg2 f5 47. Nc7 Kf6 48. Nb5 f4 49. Nxd6 f3+ 50. Kh1 f2 51. Ne4+ Ke5 52. Nxf2 Nxf2+ 53. Kxh2 Kd4 54. Kg2 Nd3 55. Kf3 Kc3 56. Ke3 Nc1 0-1


[Site "https://www.chess.com"]

[Event "Titled Tuesday Blitz May 30 Late 2023"]
[White "Koc, Przemyslaw"]
[Black "Svane, Rasmus"]
[WhiteFideId "1109081"]
[BlackFideId "4657101"]
[WhiteElo "2161"]
[BlackElo "2601"]
[Result "0-1"]
[Round "06"]
[TimeControl "180+2"]
[Date "2023.05.31"]
[WhiteClock "0:00:10"]
[BlackClock "0:00:17"]

1. Nf3 d5 2. d4 e6 3. c3 Nf6 4. Bg5 Be7 5. Nbd2 Nbd7 6. e3 b6 7. Bd3 Bb7 8. Qa4 O-O 9. Ne5 Nxe5 10. dxe5 Nd7 11. Qh4 f5 12. Bxe7 Qe8 13. Bxf8 Nxe5 14. Be2 Qxf8 15. f4 Ng6 16. Qf2 c5 17. Nf3 Qf6 18. O-O Kh8 19. Rad1 Rg8 20. h4 h6 21. h5 Ne7 22. Ne5 Nc6 23. Ng6+ Kh7 24. g4 fxg4 25. Bd3 Re8 26. Qg3 Kg8 27. Qxg4 d4 28. cxd4 cxd4 29. e4 Nb4 30. Bb1 d3 31. a3 Qd4+ 32. Rf2 Qxe4 33. Qh3 Nc2 34. Rxd3 Nd4 35. Rd1 Qd5 36. Rdf1 Qd6 37. Ne5 Rf8 38. Qd3 Rf5 39. Qg3 Rxh5 40. Qg6 Rh1# 0-1


[Site "https://www.chess.com"]

[Event "Titled Tuesday Blitz May 30 Late 2023"]
[White "Prem, Pranav"]
[Black "Yanchenko, Roman"]
[WhiteFideId "30901057"]
[BlackFideId "4137329"]
[WhiteElo "1970"]
[BlackElo "2491"]
[Result "0-1"]
[Round "06"]
[TimeControl "180+2"]
[Date "2023.05.31"]
[WhiteClock "0:01:30"]
[BlackClock "0:02:17"]

1. d4 d5 2. c4 c6 3. Nf3 Nf6 4. e3 a6 5. Bd2 Bf5 6. Nc3 e6 7. Nh4 Be4 8. f3 Bg6 9. Nxg6 hxg6 10. Bd3 Nbd7 11. Qc2 Bd6 12. f4 g5 13. g3 gxf4 14. gxf4 dxc4 15. Bxc4 b5 16. Bd3 c5 17. Ne4 Nxe4 18. Bxe4 Qh4+ 19. Ke2 Rc8 20. Bb7 Rc7 21. Be1 Qh3 22. Qe4 cxd4 23. Bg3 Nc5 24. Bd5 0-1


[Site "https://www.chess.com"]

[Event "Titled Tuesday Blitz May 30 Late 2023"]
[White "Chylewski, Patryk"]
[Black "Pulpan, Jakub"]
[WhiteFideId "1186191"]
[BlackFideId "302759"]
[WhiteElo "2163"]
[BlackElo "2484"]
[Result "0-1"]
[Round "06"]
[TimeControl "180+2"]
[Date "2023.05.31"]
[WhiteClock "0:00:01"]
[BlackClock "0:01:50"]

1. e4 e5 2. Nf3 Nc6 3. d4 exd4 4. Bc4 Nf6 5. e5 d5 6. Bb5 Ne4 7. Nxd4 Bd7 8. Bxc6 bxc6 9. O-O Bc5 10. f3 Ng5 11. f4 Ne4 12. Be3 Qe7 13. Nd2 Nd6 14. Bf2 Nf5 15. Nxf5 Bxf5 16. Nb3 Bb6 17. a4 Be4 18. a5 Bxf2+ 19. Rxf2 c5 20. a6 O-O 21. Ra5 f6 22. exf6 Qxf6 23. Nxc5 Qxb2 24. Nxe4 dxe4 25. Qd5+ Kh8 26. Qb3 Qc1+ 27. Rf1 Qd2 28. Rd5 Qe2 29. Rb5 Rad8 30. Rb7 e3 31. Rxc7 Rd1 0-1


[Site "https://www.chess.com"]

[Event "Titled Tuesday Blitz May 30 Late 2023"]
[White "Panesar Vedant"]
[Black "Ladan, Nicholas"]
[WhiteFideId "35033018"]
[BlackFideId "30918855"]
[WhiteElo "2347"]
[BlackElo "2167"]
[Result "1-0"]
[Round "06"]
[TimeControl "180+2"]
[Date "2023.05.31"]
[WhiteClock "0:00:44"]
[BlackClock "0:00:36"]

1. e4 e5 2. Nf3 Nc6 3. Bb5 a6 4. Ba4 Bc5 5. c3 Nge7 6. O-O Ba7 7. d4 Ng6 8. Bg5 f6 9. Be3 O-O 10. Nbd2 d6 11. h3 Kh8 12. Re1 Bd7 13. Nf1 exd4 14. cxd4 f5 15. exf5 Bxf5 16. Ng3 Qf6 17. Nh5 Qf7 18. Ng5 Qg8 19. Bb3 d5 20. Ng3 Bd7 21. Qh5 Nf4 22. Bxf4 Rxf4 23. Bxd5 g6 24. Qh6 Qg7 25. Qxg7+ Kxg7 26. Bxc6 bxc6 27. Re7+ Kf6 28. Rxd7 Kxg5 29. Rd1 c5 30. dxc5 Bxc5 31. R7d5+ Kh4 32. Rxc5 Raf8 33. Rd2 a5 34. Rdc2 a4 35. R5c4 a3 36. Rxf4+ Rxf4 37. bxa3 c5 38. Rxc5 h5 39. Rb5 g5 40. Nf5+ Rxf5 41. Rxf5 g4 42. g3+ Kxh3 43. Rxh5# 1-0


[Site "https://www.chess.com"]